 Dungeon Crawl Stone Soup version 0.28-a0-309-gf6d37e6e1d (webtiles) character file.

Game seed: 17799941350325871680

914 McIrco the Slicer (level 8, 0/49 HPs)
             Began as a Kobold Berserker on Aug 30, 2021.
             Was a Priest of Trog.
             Slain by an iguana (9 damage)
             ... on level 4 of the Dungeon.
             The game lasted 00:03:43 (4376 turns).

McIrco the Slicer (Kobold Berserker)                Turns: 4376, Time: 00:03:44

Health: 0/49       AC:  8    Str: 16    XL:     8   Next: 30%
Magic:  8/8        EV: 17    Int:  9    God:    Trog [***...]
Gold:   183        SH:  0    Dex: 14    Spells: 7/7 levels left

rFire   . . .      SeeInvis .   m - +0 rapier
rCold   . . .      Faith    .   (shield restricted)
rNeg    . . .      Spirit   .   b - +0 animal skin
rPois   .          Reflect  .   (no helmet)
rElec   .          Harm     .   c - +0 cloak
rCorr   .          Rampage  .   (no gloves)
Will    .....                   u - +0 pair of boots
Stlth   ++........              (no amulet)
HPRegen 0.16/turn               l - +4 ring of protection
MPRegen 0.11/turn               (no ring)

@: on berserk cooldown, slowed, very slow
A: small, no large weapons, nightstalker 3
a: Renounce Religion, Berserk, Trog's Hand


You were on level 4 of the Dungeon.
You worshipped Trog.
Trog was most pleased with you.
You visited 1 branch of the dungeon, and saw 5 of its levels.

You collected 183 gold pieces.

Inventory:

Hand Weapons
 a - a +0 short sword
 m - a +0 rapier (weapon)
 x - a +0 dagger of venom
Armour
 b - a +0 animal skin (worn)
 c - a +0 cloak (worn)
 u - a +0 pair of boots (worn)
Jewellery
 l - a +4 ring of protection (left hand)
Wands
 k - a wand of iceblast (4)
 r - a wand of acid (12)
 t - a wand of digging (2)
Scrolls
 d - a scroll of silence {unknown}
 f - a scroll of teleportation {unknown}
 i - a scroll of fear {unknown}
 j - 6 scrolls of identify {unknown}
 o - 2 scrolls of magic mapping {unknown}
 p - 2 scrolls of vulnerability {unknown}
 q - a scroll of noise {unknown}
 v - 2 scrolls of enchant weapon {unknown}
 w - a scroll of amnesia {unknown}
Potions
 e - a potion of curing {unknown}
 g - 2 potions of ambrosia {unknown}
 h - 2 potions of lignification {unknown}
 n - 2 potions of might {unknown}
 s - a potion of attraction {unknown}


   Skills:
 + Level 5.0 Fighting
 + Level 9.7 Short Blades
 + Level 1.7 Armour
 + Level 6.0 Dodging


You had 7 spell levels left.
You didn't know any spells.
Your spell library was empty.

Dungeon Overview and Level Annotations

Branches:
Dungeon (5/15)
 Temple: D:4-7

Altars:
Fedhas
Kikubaaqudgha
Ru


Innate Abilities, Weirdness & Mutations

You are small and have problems with some larger weapons.
You are completely attuned to the shadows.


Message History

The howler monkey hits you.
The howler monkey hoots and howls with incredible vigour!
The adder barely misses you.
The howler monkey hoots and howls with incredible vigour!
The adder misses you. The iguana bites you!
There is a stone staircase leading up here.
The adder completely misses you. The iguana misses you. The adder misses you.
The howler monkey closely misses you.
You climb upwards.
There is a stone staircase leading down here.
You hit the adder.
The adder is lightly wounded.
The adder misses you. The iguana closely misses you. The adder misses you.
You barely miss the adder.
The adder is lightly wounded.
The iguana closely misses you. The adder closely misses you.
The iguana barely misses you.
You closely miss the adder.
The adder is lightly wounded.
The adder bites you.
You are poisoned.
The adder poisons you! The adder misses you. The iguana misses you.
You barely miss the adder.
The adder is lightly wounded.
You feel sick. The adder bites you. The iguana barely misses you.
You puncture the adder!
You kill the adder!
Trog accepts your kill.
You feel sick. The iguana bites you.
Your Dodging skill increases to level 6!
You hit the iguana.
The iguana is lightly wounded.
You feel sick. The iguana bites you.
* * * LOW HITPOINT WARNING * * *
You hit the iguana.
The iguana is moderately wounded.
You feel sick.
You are no longer poisoned.
The iguana bites you!
You die...

##########......#
#########..........)###.#
#######
#......##.########..# #.#
#...... #.####.##.# #..#
#.# #...... #.# #.##.#
#..###.# #...... #.#
##.##.## #......# #......
#.# #......# #.######
#...... #.# #..#######
###.########...... #.#
#........#
#@†...........(... #.#
#...####.#
#l#.########...... #.#
#...# #.#
#................. #.#
##.## #.#
#.#.....[.......##
#.####.#####.#
#.#.............#
#............#
#.#.......))....#
######.#######
#.##......).....## #.#
#.#.......)))....# #.#
#.#..............#


You could see an iguana.

Vanquished Creatures
  A black bear (D:5)
  A necrophage (D:5)
  2 ogres
  A scorpion (D:4)
  A howler monkey (D:4)
  A centaur zombie (D:5)
  2 orc priests (D:4)
  A hound (D:4)
  A bullfrog skeleton (D:5)
  2 iguanas (D:4)
  A centaur skeleton (D:4)
  3 orc wizards
  A gnoll (D:1)
  8 adders
  An adder skeleton (D:4)
  A dart slug (D:2)
  12 orcs
  6 ball pythons
  4 bats
  2 endoplasms
  3 giant cockroaches
  4 goblins
  6 hobgoblins
  10 jackals
  7 kobolds
  4 quokkas
  4 frilled lizards
  5 rats
95 creatures vanquished.

Notes
Turn   | Place    | Note
-------+----------+-------------------------------------------
     0 | D:1      | McIrco the Kobold Berserker began the quest for the Orb.
     0 | D:1      | Reached XP level 1. HP: 14/14 MP: 1/1
   246 | D:1      | Reached XP level 2. HP: 17/19 MP: 2/2
   515 | D:1      | Reached XP level 3. HP: 24/24 MP: 3/3
   979 | D:1      | Reached skill level 5 in Short Blades
  1232 | D:2      | Reached ** piety under Trog
  1409 | D:2      | Reached XP level 4. HP: 29/29 MP: 4/4
  1594 | D:2      | Found a faded altar of an unknown god.
  1997 | D:3      | Reached skill level 6 in Short Blades
  2256 | D:3      | Reached XP level 5. HP: 30/33 MP: 5/5
  2579 | D:3      | Found an ancient bone altar of Kikubaaqudgha.
  2580 | D:3      | Found a blossoming altar of Fedhas.
  2695 | D:3      | Found a sacrificial altar of Ru.
  3072 | D:4      | Reached skill level 7 in Short Blades
  3072 | D:4      | Reached XP level 6. HP: 34/38 MP: 6/6
  3244 | D:4      | Reached XP level 7. HP: 44/44 MP: 7/7
  3245 | D:4      | Reached *** piety under Trog
  3388 | D:4      | Reached skill level 8 in Short Blades
  3763 | D:4      | Reached skill level 5 in Dodging
  4287 | D:5      | Entered Level 5 of the Dungeon
  4309 | D:5      | Reached skill level 9 in Short Blades
  4325 | D:5      | Reached XP level 8. HP: 33/48 MP: 8/8
  4350 | D:5      | Reached skill level 5 in Fighting
  4376 | D:4      | Slain by an iguana

Illustrated notes

Levels and vault maps discovered:
D:1:      wander_arrival_estate, layout_basic
D:2:      layout_loops_cross, ebering_ecumenical_altar_abandoned
D:3:      layout_loops_ring, mainiacjoe_overflow_alcove_2,
          grunt_temple_overflow_growth_and_decay
D:4:      layout_basic
D:5:      layout_basic, minmay_temple_entry_trees

Skill      XL: |  1  2  3  4  5  6  7  8 |
---------------+-------------------------+-----
Short Blades   | 5 6 7 9 |  9.7
Dodging        | 3 4 5 6 |  6.0
Fighting       | 4 5 |  5.0
Armour         | |  1.7

Action                   |  1- 3 |  4- 6 |  7- 9 || total
-------------------------+-------+-------+-------++-------
Melee: Short sword       |    75 |       |       ||    75
       Rapier            |    17 |   133 |    82 ||   232
Invok: Berserk           |     1 |     2 |     4 ||     7
 Stab: Sleeping          |     4 |     6 |     3 ||    13
Armor: Animal skin       |    13 |    33 |    28 ||    74
Dodge: Dodged            |    80 |   107 |    74 ||   261

Table legend: (Time is in decaauts)
 A = Elapsed time spent in this place.
 B = Non-inter-level travel time spent in this place.
 C = Inter-level travel time spent in this place.
 D = Time resting spent in this place.
 E = Time spent auto-exploring this place.
 F = Levels seen in this place.
 G = Mean time per level.
                   A        B        C        D        E       F      G
               +--------+--------+--------+--------+--------+-----+--------+
         Total |   4388 |   4174 |    214 |    742 |   2865 |   5 |  877.6 |
       Dungeon |   4388 |   4174 |    214 |    742 |   2865 |   5 |  877.6 |
               +--------+--------+--------+--------+--------+-----+--------+

Top non-repeatable levels by time:
     D:4: 1411 daAuts
     D:1: 1123 daAuts
     D:3: 1020 daAuts
     D:2: 748 daAuts
     D:5: 84 daAuts
